 Dungeon Crawl Stone Soup version 0.31-b1-17-gcfd88c8481 (webtiles) character file.

Game seed: 6371084499673885621

80 Arctor the Vexing (level 4, -2/34 HPs)
             Began as a Gnoll Hexslinger on Jan 15, 2024.
             Killed from afar by an orc wizard (4 damage)
             ... with a puff of flame
             ... on level 3 of the Dungeon.
             The game lasted 00:01:45 (1824 turns).

Arctor the Vexing (Gnoll Hexslinger)                Turns: 1824, Time: 00:01:47

Health: -2/34      AC:  9    Str:  7    XL:     4   Next: 39%
Magic:  8/8        EV: 14    Int: 12    God:
Gold:   184        SH:  0    Dex: 17    Spells: 9/9 levels left

rFire   . . .        h - +2 dagger (protect)
rCold   . . .        (no shield)
rNeg    . . .        c - +0 robe
rPois   .            (no helmet)
rElec   .            (no cloak)
rCorr   .            (no gloves)
SInv    .            (no boots)
Will    .....        (no amulet)
Stlth   ++           (no ring)
HPRegen 0.25/turn    (no ring)
MPRegen 0.11/turn

%: no passive effects
@: under a protective aura
A: fangs 1, strong nose, distributed training
a: no special abilities


You were on level 3 of the Dungeon.
You visited 1 branch of the dungeon, and saw 3 of its levels.

You collected 184 gold pieces.

Inventory:

Hand Weapons
 a - a +1 sling
 h - a +2 dagger of protection (weapon)
Armour
 c - a +0 robe (worn)
Jewellery
 f - an amulet of regeneration
Scrolls
 b - a scroll of poison
 e - 2 scrolls of teleportation {unknown}
 g - 2 scrolls of amnesia {unknown}
 i - a scroll of acquirement {unknown}
 j - a scroll of identify {unknown}
Potions
 d - 3 potions of curing {unknown}


   Skills:
 + Level 2.8 Fighting
 + Level 1.2 Short Blades
 + Level 1.2 Long Blades
 + Level 1.2 Axes
 + Level 1.2 Maces & Flails
 + Level 1.2 Polearms
 + Level 1.2 Staves
 + Level 4.6 Ranged Weapons
 + Level 1.2 Throwing
 + Level 1.2 Armour
 + Level 4.6 Dodging
 + Level 1.2 Stealth
 + Level 1.2 Shields
 + Level 1.2 Unarmed Combat
 + Level 3.0 Spellcasting
 + Level 1.0 Conjurations
 + Level 5.5 Hexes
 + Level 1.0 Summonings
 + Level 1.0 Necromancy
 + Level 1.0 Translocations
 + Level 2.2 Fire Magic
 + Level 1.0 Ice Magic
 + Level 1.0 Air Magic
 + Level 1.0 Earth Magic
 + Level 1.0 Alchemy
 + Level 1.3 Invocations
 + Level 1.2 Evocations
 + Level 1.1 Shapeshifting


You had 9 spell levels left.
You didn't know any spells.
Your spell library contained the following spells:

 Spells                   Type           Power      Damage    Failure   Level
 Jinxbite                 Hex            30%        N/A       3%          2
 Sigil of Binding         Hex            15%        N/A       8%          3
 Inner Flame              Hex/Fire       11%        N/A       16%         3
 Cause Fear               Hex            7%         N/A       26%         4
 Anguish                  Hex/Necr       4%         N/A       54%         4
 Dimensional Bullseye     Hex/Tloc       4%         N/A       54%         4
 Enfeeble                 Hex            7%         N/A       100%        7


Dungeon Overview and Level Annotations

Branches:
Dungeon (3/15)

Altars:
Gozag
Okawaru
Trog


Innate Abilities, Weirdness & Mutations

You have very sharp teeth.
Your uncanny sense of smell can sniff out nearby items.
Your experience applies equally to all skills.


Message History

You bump into the rock wall.
You feel less confused. Something hits you.
You barely miss something. You punch something.
You hear some strange, mumbled words.
A magic dart appears from out of thin air!
The magic dart hits you.
You barely miss something. Something hits you.
* * * LOW HITPOINT WARNING * * *
You miss something. You closely miss something. Your bite misses something.
Something barely misses you.
You miss something.
You hear some strange, mumbled words.
A magic dart appears from out of thin air!
The magic dart hits you!
* * * LOW HITPOINT WARNING * * *
You hit something but do no damage.
Your weapon exudes an aura of protection.
You hear some strange, mumbled words.
A magic dart appears from out of thin air!
The magic dart hits you but does no damage.
You completely miss something. Something hits you but does no damage.
You closely miss something. Something hits you but does no damage.
You hit something. Your bite misses something.
You hear some strange, mumbled words.
Something tries to affect you, but you resist.
You miss something. Something hits you but does no damage.
You miss something. Your bite misses something. Something hits you.
* * * LOW HITPOINT WARNING * * *
You miss something.
You hear some strange, mumbled words.
Something tries to affect you, but you resist.
You hit something but do no damage.
Your weapon exudes an aura of protection.
Your bite misses something.
You hear some strange, mumbled words.
A puff of flame appears from out of thin air!
The puff of flame hits you.
You die...

####.....##
######..#.
.#########
.###....#..#.
.......#
........#..#.
######.###
.......)†..#. #
#...###
........#.### #
###..)#####
........#.# ###
###.....#
.....##.### ..#
#####.###
....##...## ..#
#..@# ...##.....##
..# ###{#
...#.......## ..#
#l.. ##....._.....
###
#......##.......#.
#......###.....##.
#......# ##...##..
#......# ##.##...
#....... +.##†##
..##.#.


You could see a frilled lizard.

Vanquished Creatures
  2 adders (D:3)
  2 dart slugs
  A ribbon worm (D:3)
  4 orcs (D:3)
  4 ball pythons
  3 endoplasms
  3 giant cockroaches
  4 goblins
  5 hobgoblins
  7 bats
  5 frilled lizards (D:1)
  6 kobolds
  3 rats
49 creatures vanquished.

Notes
Turn   | Place    | Note
-------+----------+-------------------------------------------
     0 | D:1      | Arctor the Gnoll Hexslinger began the quest for the Orb.
     0 | D:1      | Reached XP level 1. HP: 17/17 MP: 4/4
   165 | D:1      | Reached XP level 2. HP: 21/23 MP: 5/5
   970 | D:2      | Reached XP level 3. HP: 28/28 MP: 7/7
  1177 | D:3      | Reached skill level 1 in Invocations
  1196 | D:3      | Found a bloodstained altar of Trog.
  1316 | D:3      | Found an iron altar of Okawaru.
  1331 | D:3      | Reached skill level 1 in Short Blades
  1331 | D:3      | Reached skill level 1 in Long Blades
  1331 | D:3      | Reached skill level 1 in Axes
  1331 | D:3      | Reached skill level 1 in Maces & Flails
  1331 | D:3      | Reached skill level 1 in Polearms
  1331 | D:3      | Reached skill level 1 in Staves
  1331 | D:3      | Reached skill level 1 in Throwing
  1331 | D:3      | Reached skill level 1 in Armour
  1331 | D:3      | Reached skill level 1 in Stealth
  1331 | D:3      | Reached skill level 1 in Shields
  1331 | D:3      | Reached skill level 1 in Unarmed Combat
  1331 | D:3      | Reached skill level 1 in Evocations
  1472 | D:3      | Reached skill level 1 in Shapeshifting
  1472 | D:3      | Reached XP level 4. HP: 27/34 MP: 8/8
  1531 | D:3      | Found an opulent altar of Gozag.
  1802 | D:3      | Reached skill level 1 in Conjurations
  1802 | D:3      | Reached skill level 1 in Summonings
  1802 | D:3      | Reached skill level 1 in Necromancy
  1802 | D:3      | Reached skill level 1 in Translocations
  1802 | D:3      | Reached skill level 1 in Ice Magic
  1802 | D:3      | Reached skill level 1 in Air Magic
  1802 | D:3      | Reached skill level 1 in Earth Magic
  1802 | D:3      | Reached skill level 1 in Alchemy
  1824 | D:3      | Killed from afar by an orc wizard

Illustrated notes

Levels and vault maps discovered:
D:1:      dpeg_arrival_water_fire, layout_basic, nicolae_eternal_life
D:2:      layout_basic, basic_altar, corexii_corridor_pit
D:3:      layout_basic, kennysheep_okawaru_gauntlet, lemuel_round_altar,
          grunt_gozag_breadcrumbs, mrwooster_statue_mirror

Skill      XL: |  1  2  3  4 |
---------------+-------------+-----
Fire Magic     | 2 |  2.2
Invocations    | 1 |  1.3
Short Blades   | 1 |  1.2
Long Blades    | 1 |  1.2
Axes           | 1 |  1.2
Maces & Flails | 1 |  1.2
Polearms       | 1 |  1.2
Staves         | 1 |  1.2
Throwing       | 1 |  1.2
Armour         | 1 |  1.2
Stealth        | 1 |  1.2
Shields        | 1 |  1.2
Unarmed Combat | 1 |  1.2
Evocations     | 1 |  1.2
Shapeshifting  | 1 |  1.1
Spellcasting   | 3 |  3.0
Conjurations   | 1 |  1.0
Summonings     | 1 |  1.0
Necromancy     | 1 |  1.0
Translocations | 1 |  1.0
Ice Magic      | 1 |  1.0
Air Magic      | 1 |  1.0
Earth Magic    | 1 |  1.0
Alchemy        | 1 |  1.0
Fighting       | |  2.8
Ranged Weapons | |  4.6
Dodging        | |  4.6
Hexes          | |  5.5

Action                     |  1- 3 |  4- 6 || total
---------------------------+-------+-------++-------
  Melee: Dagger            |       |    67 ||    67
         Bite              |       |     7 ||     7
         Punch             |       |     4 ||     4
   Fire: Sling             |    99 |     3 ||   102
 Armour: Robe              |    16 |    41 ||    57
  Dodge: Dodged            |    27 |    31 ||    58
